 Dungeon Crawl Stone Soup version 0.28-a0-706-gf6f64a616a (webtiles) character file.

Game seed: 6487595931634851586

0 KoroneIsBestGirl the Covered (level 1, -18/18 HPs)
             Began as a Barachi Fighter on Oct 24, 2021.
             Engulfed by a cloud of flame (36 damage)
             ... on level 1 of the Dungeon.
             The game lasted 00:00:13 (219 turns).

KoroneIsBestGirl the Covered (Barachi Fighter)       Turns: 219, Time: 00:00:14

Health: -18/18     AC:  6    Str: 17    XL:     1   Next: 10%
Magic:  1/1        EV:  9    Int:  8    God:
Gold:   0          SH:  4    Dex: 11    Spells: 0/0 levels left

rFire   . . .      SeeInvis .   a - +0 long sword
rCold   . . .      Faith    .   c - +0 buckler
rNeg    . . .      Spirit   .   b - +0 scale mail
rPois   .          Reflect  .   (no helmet)
rElec   .          Harm     .   (no cloak)
rCorr   .          Rampage  .   (no gloves)
Will    .....                   (no boots)
Stlth   ..........              (no amulet)
HPRegen 0.06/turn               (no ring)
MPRegen 0.07/turn               (no ring)

@: slow
A: amphibious, slowness 1, strong legs 1, +LOS
a: Hop


You were on level 1 of the Dungeon.
You visited 1 branch of the dungeon, and saw 1 of its levels.

Inventory:

Hand Weapons
 a - a +0 long sword (weapon)
Armour
 b - a +0 scale mail (worn)
 c - a +0 buckler (worn)
Potions
 d - a potion of might


   Skills:
 + Level 3.6 Fighting
 + Level 2.4 Long Blades
 + Level 3.6 Armour
 + Level 3.3 Shields


You couldn't memorise any spells.
You didn't know any spells.
Your spell library was empty.

Dungeon Overview and Level Annotations

Branches:
Dungeon (1/15)

Altars:


Innate Abilities, Weirdness & Mutations

You are amphibious.
You cover ground slowly.
You can hop short distances.
You have an extended range of vision and can be seen from far away.


Message History

Welcome, KoroneIsBestGirl the Barachi Fighter.
You feel drawn to the Orb of Zot, downwards into the unfathomable depths...
Press ? for a list of commands and other information.
Found 17 gold pieces and a scroll labelled LAYCIHUROU.
Found a staircase leading out of the dungeon.
A kobold comes into view. It is wielding a +0 club.
The kobold shouts!
A kobold is nearby!
A kobold is nearby!
A kobold is nearby!
No reachable target in view!
A kobold is nearby!
No reachable target in view!
A kobold is nearby!
No reachable target in view!
A kobold is nearby!
No reachable target in view!
No reachable target in view!
No reachable target in view!
The kobold throws a stone.
The stone closely misses you. The kobold hits you with a +0 club.
The kobold barely misses you.
You hit the kobold.
You kill the kobold!
Things that are here:
a +0 club; 5 stones
Things that are here:
a +0 club; 5 stones
Things that are here:
a +0 club; 5 stones You start waiting.
Done waiting.
You start waiting.
Done waiting.
Really walk into a travel-excluded area?
Really walk into that cloud of flame?
You are engulfed in blazing flames.
Ouch! That really hurt!
You die...

# ####+#+#### #
#.#.........#.#
#.#..#.8.#..#.##
#.....≈°○.......
#....@.○..#
#..#...#..#
#......)..#
#.........#
#$.#...#..#
#.........#
#.........#
#....<....#
###########


There were no monsters in sight!

Vanquished Creatures
  A kobold (D:1)
1 creature vanquished.

Notes
Turn   | Place    | Note
-------+----------+-------------------------------------------
     0 | D:1      | KoroneIsBestGirl the Barachi Fighter began the quest for
                  | the Orb.
     0 | D:1      | Reached XP level 1. HP: 18/18 MP: 1/1
   219 | D:1      | Engulfed by a cloud of flame

Illustrated notes

Levels and vault maps discovered:
D:1:      shiori_arrival_oz, layout_basic, shapermc_ecumenical_altar_acropolis,
          st_stairs_8

Action                   || total
-------------------------++-------
Melee: Long sword        ||     1
Dodge: Dodged            ||     2

Table legend: (Time is in decaauts)
 A = Elapsed time spent in this place.
 B = Non-inter-level travel time spent in this place.
 C = Inter-level travel time spent in this place.
 D = Time resting spent in this place.
 E = Time spent auto-exploring this place.
 F = Levels seen in this place.
 G = Mean time per level.
                   A        B        C        D        E       F      G
               +--------+--------+--------+--------+--------+-----+--------+
         Total |    222 |    222 |      0 |    200 |      0 |   1 |  222.0 |
       Dungeon |    222 |    222 |      0 |    200 |      0 |   1 |  222.0 |
               +--------+--------+--------+--------+--------+-----+--------+

Top non-repeatable levels by time:
     D:1: 222 daAuts
